 Dungeon Crawl Stone Soup version 0.24.1-14-gf8d2b509d9 (webtiles) character file.

Game seed: 11747007868834413618, levelgen mode: deterministic

28 Descartes the Grasshopper (level 2, -2/13 HPs)
             Began as a Felid Warper on May 20, 2020.
             Slain by an adder (4 damage)
             ... on level 2 of the Dungeon.
             The game lasted 00:01:57 (1484 turns).

Descartes the Grasshopper (Felid Warper)            Turns: 1484, Time: 00:01:57

Health: -2/13      AC:  1    Str:  7    XL:     2   Next: 96%
Magic:  6/6        EV: 18    Int: 14    God:
Gold:   51         SH:  0    Dex: 15    Spells: 1/5 levels left
                                        Lives:  0   Deaths: 0

rFire    . . .     SeeInvis +     - Unarmed
rCold    . . .     Gourm    .   (shield unavailable)
rNeg     . . .     Faith    .   (armour unavailable)
rPois    .         Spirit   .   (helmet unavailable)
rElec    .         Reflect  .   (cloak unavailable)
rCorr    .         Harm     .   (gloves unavailable)
MR       .....                  (boots unavailable)
Stlth    +++.......             (no amulet)
HPRegen  0.04/turn              (no ring)
MPRegen  0.10/turn              (no ring)

@: lethally poisoned (-2 -> -4), quick
A: very small, no armour, no weapons or thrown items, stealth, claws 1, fangs 3,
see invisible, carnivore, speed 1, shaggy fur 1, slow metabolism 1, sharp paws
a: no special abilities


You were on level 2 of the Dungeon.
You were not hungry.

You visited 1 branch of the dungeon, and saw 2 of its levels.

You collected 51 gold pieces.

Inventory:

Missiles
 d - 71 arrows
 e - 22 stones
Scrolls
 b - 2 scrolls of blinking
 h - a scroll of teleportation {unknown}
Potions
 a - 2 potions of curing {unknown}
 f - 3 potions of berserk rage {unknown}
 g - a potion of lignification {unknown}
 i - a potion of agility {unknown}
 j - a potion of flight {unknown}
Comestibles
 c - 3 rations


   Skills:
 - Level 2.0 Fighting
 - Level 3.2 Dodging
 + Level 4.0 Stealth
 - Level 2.0 Unarmed Combat
 - Level 2.0 Spellcasting
 - Level 4.4 Translocations


You had one spell level left.
You knew the following spells:

 Your Spells              Type           Power        Failure   Level  Hunger
a - Blink                 Tloc           N/A          6%          2    ###....
b - Shroud of Golubria    Chrm/Tloc      #.....       14%         2    ###....

Your spell library contained the following spells:

 Spells                   Type           Power        Failure   Level  Hunger
 Gell's Gravitas          Tloc           ##........   12%         3    ####...
 Lesser Beckoning         Tloc           ##........   12%         3    ####...
 Teleport Other           Tloc           ##......     12%         3    ####...
 Passage of Golubria      Tloc           N/A          36%         4    #####..


Dungeon Overview and Level Annotations

Branches:
Dungeon (2/15)

Altars:


Innate Abilities, Weirdness & Mutations

You cannot wear armour.
You are incapable of wielding weapons or throwing items.
Your paws allow you to move quietly. (Stealth)
You have sharp claws.
You have razor-sharp teeth.
You have supernaturally acute eyesight. (SInv)
You are carnivorous and can eat meat at any time.
You cover ground quickly.
You are covered in fur. (AC +1)
You have a slow metabolism.
Your sharp claws are effective at attacking unaware monsters.


Message History

The adder bites you.
You closely miss the adder.
The adder is lightly wounded.
The adder bites you.
You are lethally poisoned!
The adder poisons you!
You miss the adder.
The adder is lightly wounded.
* * * LOW HITPOINT WARNING * * *
You feel sick. The adder misses you. x2
There is a stone staircase leading up here.
* * * LOW HITPOINT WARNING * * *
You feel sick.
You scratch the adder.
The adder is heavily wounded.
The adder barely misses you.
You miss the adder.
The adder is heavily wounded.
The adder bites you.
You die...

#
#.#########
#.......####
#.# #.#.....
#.# #.######


You could see an adder.

Vanquished Creatures
  A dart slug (D:1)
  3 bats (D:1)
  A giant cockroach (D:1)
  3 goblins (D:1)
  3 hobgoblins
  3 frilled lizards (D:1)
  7 kobolds (D:1)
  4 rats
25 creatures vanquished.

Notes
Turn   | Place    | Note
-------+----------+-------------------------------------------
     0 | D:1      | Descartes the Felid Warper began the quest for the Orb.
     0 | D:1      | Reached XP level 1. HP: 9/9 MP: 4/4
    32 | D:1      | Reached skill level 1 in Stealth
   177 | D:1      | Reached XP level 2. HP: 8/13 MP: 6/6
  1063 | D:1      | Learned a level 2 spell: Blink
  1066 | D:1      | Learned a level 2 spell: Shroud of Golubria
  1484 | D:2      | Slain by an adder

Levels and vault maps discovered:
D:1:      evilmike_arrival_crescent, layout_basic
D:2:      kennysheep_big_flooded_room, layout_loops_ring,
          overflow_temple_1_default, first_ration

Skill      XL: |  1  2 |
---------------+-------+-----
Stealth        | 2 4 |  4.0
Fighting       | |  2.0
Dodging        | |  3.2
Unarmed Combat | |  2.0
Spellcasting   | |  2.0
Translocations | |  4.4

Action                   || total
-------------------------++-------
Melee: Unarmed           ||    83
       Bite              ||    10
 Stab: Sleeping          ||     4
  Eat: Chunk             ||     2
Armor: Skin              ||     9
Dodge: Dodged            ||    71
